Map: Ruines d’Endion

Players

AniccA

  • Race: Terran Terran
  • League: Gold

eXistenZ - Winner!

  • Race: Zerg Zerg
  • League: Silver

VOD

Have the link to the VOD?

Description

Time

  • Played on: April 1, 2016, 7:42 p.m.
  • Length: 14:45
Show
View Real Time Build Order
Export as new Build Order

AniccA Terran 

Build Orders: Reaper Expand 

Get SALT Encoding   

  12  0:00  SCV  
  13  0:13  SCV  
  14  0:18  Supply Depot  
  14  0:25  SCV  
  15  0:40  Barracks, SCV  
  16  0:44  Refinery  
  16  0:52  SCV  
  17  1:04  SCV  
  18  1:16  SCV  
  19  1:28  Orbital Command  
  19  1:29  Reaper  
  20  1:46  Command Center  
  20  1:54  SCV  
  20  1:58  Supply Depot  
  21  2:01  Barracks Reactor  
  21  2:06  SCV  
  22  2:16  Barracks  
  22  2:18  SCV  
  23  2:30  SCV  
  24  2:40  Marine x2  
  24  2:43  SCV  
  27  2:46  Factory  
  27  2:49  Refinery  
  27  2:55  SCV  
  28  3:08  Orbital Command  
  28  3:10  SCV  
  29  3:16  Barracks Tech Lab  
  29  3:17  Marine x2  
  31  3:22  Barracks  
  31  3:23  SCV  
  32  3:33  Starport  
  32  3:35  Marine  
  32  3:39  Refinery, Factory Reactor  
  32  3:40  SCV  
  32  3:41  SCV  
  35  3:43  Marine  
  36  3:51  Marine, Stimpack  
  36  3:52  SCV  
  36  3:53  SCV  
  39  4:04  SCV  
  39  4:05  SCV, Supply Depot  
  39  4:09  Supply Depot  
  41  4:15  Barracks Reactor  
  41  4:16  SCV  
  42  4:17  SCV  
  42  4:20  Medivac  
  42  4:24  Factory Tech Lab  
  45  4:26  Medivac  
  45  4:28  SCV  
  45  4:29  SCV  
  49  4:37  Marine x2, Supply Depot  
  51  4:38  Supply Depot  
  51  4:40  SCV  
  51  4:41  SCV  
  52  4:52  SCV  
  52  4:53  SCV  
  54  5:07  Bunker  
  54  5:08  SCV x2  
  54  5:09  Refinery  
  56  5:16  Engineering Bay x2  
  56  5:19  Supply Depot  
  56  5:20  SCV  
  56  5:21  Marine x5, Supply Depot  
  57  5:22  Siege Tank  
  42  6:01  Marine  
  42  6:02  Marine x3  
  42  6:04  Siege Tank  
  35  6:19  Marine x3  
  35  6:20  Marine  
  25  6:37  Marine x4  
  25  6:55  Marine x4, Orbital Command  
  28  7:13  Marine x4  
  32  7:28  Orbital Command  
  32  7:30  Marine  
  32  7:31  Marine  
  32  7:32  Marine x2  
  36  7:45  SCV  
  37  7:57  SCV  
  38  8:01  SCV  
  38  8:05  Marine  
  39  8:09  SCV  
  41  8:13  SCV  
  41  8:18  Marine x3  
  41  8:19  Bunker  
  45  8:21  SCV  
  45  8:23  Marine  
  45  8:25  SCV  
  48  8:29  Siege Tank  
  48  8:32  Medivac  
  48  8:33  SCV  
  54  8:37  SCV  
  54  8:45  Marine, SCV  
  54  8:46  Marine  
  57  8:49  SCV  
  58  8:56  Marine x2  
  58  8:58  SCV  
  58  9:01  Siege Tank, SCV  
  58  9:02  Liberator  
  65  9:03  Marine x2  
  67  9:10  SCV  
  67  9:11  Terran Infantry Weapons Level 1, Terran Infantry Armor Level 1  
  67  9:13  SCV  
  67  9:14  Marine  
  67  9:17  Marine  
  70  9:21  Marine x2  
  70  9:22  SCV  
  77  9:32  Marine  
  65  9:46  Missile Turret  
  65  10:05  Barracks Tech Lab  
  65  10:09  SCV x2  
  68  10:21  SCV x2  
  68  10:25  Missile Turret  
  69  10:29  Marine  
  69  10:30  Marine x2  
  69  10:33  SCV x2, Missile Turret  
  74  10:45  SCV x2  
  74  10:48  Refinery  
  76  10:57  Marine, SCV x2  
  76  10:59  Missile Turret  
  79  11:09  SCV x2  
  81  11:16  Marine x3  
  84  11:21  SCV  
  84  11:22  SCV  
  86  11:29  Viking  
  88  11:34  SCV x2  
  88  11:35  Supply Depot  
  88  11:37  Supply Depot  
  90  11:46  SCV x2  
  89  11:58  SCV  
  82  12:57  Marine x3  
  82  12:58  Marauder  
  83  13:12  Viking x2  
  87  13:15  Marine x2, Marauder  
  87  13:18  Barracks  
  87  13:19  Marine  
  92  13:20  Barracks  
  92  13:27  Starport  
  92  13:31  Siege Tank  
  92  13:32  Marine x2  
  92  13:34  Supply Depot x2  
  97  13:36  Marine  
  97  13:37  Marine  
  99  13:42  Viking  
  99  13:44  Viking  
  103  13:52  Marine x2  
  103  13:54  Marine  
  105  14:03  Siege Tank  
  108  14:12  Viking  
  60  14:24  Marine x2  
Show
View Real Time Build Order
Export as new Build Order

eXistenZ Zerg - Winner!

Build Orders: Hatch First 

Get SALT Encoding   

  12  0:01  Drone  
  13  0:14  Overlord  
  13  0:24  Drone  
  14  0:32  Drone  
  14  0:34  Drone  
  16  0:44  Drone  
  17  0:57  Hatchery  
  17  0:59  Drone  
  17  1:06  Drone  
  18  1:14  Spawning Pool  
  17  1:19  Drone, Extractor  
  17  1:27  Drone  
  18  1:42  Overlord  
  18  1:49  Drone  
  19  1:59  Drone  
  19  2:00  Queen  
  22  2:09  Queen  
  22  2:10  Drone  
  22  2:11  Drone  
  26  2:16  Extractor  
  26  2:18  Roach Warren  
  26  2:20  Drone  
  26  2:22  Drone  
  26  2:33  Drone x2  
  28  2:48  Drone  
  28  2:49  Drone  
  30  3:02  Drone x2  
  32  3:10  Drone  
  32  3:11  Drone  
  34  3:12  Overlord  
  34  3:13  Overlord x3  
  34  3:32  Roach  
  34  3:33  Roach x4  
  44  3:42  Overlord  
  44  3:52  Roach x5  
  44  3:54  Roach  
  56  3:57  Roach  
  58  4:07  Roach x2  
  62  4:16  Roach x3  
  62  4:17  Roach  
  70  4:24  Overlord  
  70  4:25  Overlord  
  70  5:01  Ravager  
  70  5:03  Ravager x5  
  76  5:10  Drone  
  76  5:11  Drone x10  
  87  5:31  Hatchery  
  86  5:47  Drone  
  86  5:48  Drone x7  
  92  5:52  Lair  
  92  5:56  Extractor  
  85  5:57  Extractor  
  68  6:44  Drone  
  68  6:45  Drone x12  
  75  6:52  Queen  
  65  7:02  Evolution Chamber  
  65  7:03  Evolution Chamber  
  63  7:19  Drone  
  63  7:20  Drone x13  
  77  7:27  Spire  
  77  7:28  Zerg Melee Weapons Level 1  
  76  7:30  Zerg Ground Armor Level 1  
  76  7:37  Extractor  
  76  7:39  Extractor  
  76  7:43  Roach x8  
  80  8:45  Mutalisk  
  80  8:46  Mutalisk x9  
  98  8:52  Overlord x4  
  98  8:53  Hatchery  
  97  9:07  Infestation Pit  
  96  9:57  Roach  
  96  9:58  Roach x18  
  130  10:15  Zerg Melee Weapons Level 2  
  130  10:16  Zerg Ground Armor Level 2  
  130  10:18  Hive  
  130  10:26  Queen  
  130  10:28  Overlord x2  
  132  10:29  Overlord x12  
  132  10:50  Extractor  
  132  10:51  Extractor  
  130  11:30  Drone x7  
  130  11:31  Drone x8  
  131  12:00  Zergling x4  
  131  12:01  Zergling x36  
  147  12:11  Ultralisk Cavern  
  118  12:47  Spawning Pool  
  116  13:01  Drone, Ultralisk  
  116  13:02  Ultralisk x12  
  194  13:35  Hatchery  
  193  13:43  Hatchery  
Tags
 
Add a new tag
Caveats
  • Supply blocks, unpowered buildings, or Contaminate may cause inaccurate times.
  • Supply counts are checked every 10 seconds.